 Dungeon Crawl Stone Soup version 0.22-a0-430-g6609fc6 (webtiles) character file.

19 Gorglomux the Ducker (level 2, -15/16 HPs)
             Began as a Spriggan Berserker on May 26, 2018.
             Demolished by a polar bear (22 damage)
             ... created by the rage of Trog
             ... on level 3 of the Dungeon.
             The game lasted 00:00:56 (425 turns).

Gorglomux the Ducker (Spriggan Berserker)            Turns: 425, Time: 00:00:57

Health: -15/16     AC:  2    Str: 13    XL:     2   Next: 55%
Magic:  3/3        EV: 19    Int:  8    God:
Gold:   19         SH:  0    Dex: 15    Spells: 1/1 levels left

rFire    . . .     SeeInvis +   a - +0 short sword
rCold    . . .     Gourm    .   (shield restricted)
rNeg     . . .     Faith    .   b - +0 animal skin
rPois    .         Spirit   .   (helmet restricted)
rElec    .         Reflect  .   (no cloak)
rCorr    .         Harm     .   (gloves unavailable)
MR       .....                  (boots unavailable)
Stlth    +++.......             (no amulet)
HPRegen  0.05/turn              (no ring)
MPRegen  0.08/turn              (no ring)

@: very quick
A: very small, unfitting armour, see invisible, herbivore, speed 3, slow
metabolism 2
a: no special abilities


You were on level 3 of the Dungeon.
You were not hungry.

You visited 1 branch of the dungeon, and saw 3 of its levels.

You collected 19 gold pieces.

Inventory:

Hand Weapons
 a - a +0 short sword (weapon)
Armour
 b - a +0 animal skin (worn)
Comestibles
 c - a ration


   Skills:
 - Level 2.4 Fighting
 - Level 3.2 Short Blades
 - Level 4.4 Dodging
 + Level 3.8 Stealth


You had one spell level left.
You didn't know any spells.
Your spell library was empty.

Dungeon Overview and Level Annotations

Branches:
Dungeon (3/15)

Altars:


Innate Abilities, Weirdness & Mutations

You are very small and have problems with some larger weapons.
You are too small for most types of armour.
You have supernaturally acute eyesight. (SInv)
You are a herbivore.
You cover ground extremely quickly.
You need to consume almost no food.


Message History

You stick the bat but do no damage! The bat completely misses you!
You stick the bat like a pincushion!
The bat is moderately wounded!
The bat misses you!
You butt at nothing!
The bat butt-ly misses you! The bat closely misses you!
You spit the bat like a pig!
You annihilate the bat!!!
You start resting!
Trog sends monsters to punish you! 2 polar bears and a black bear come into view!
You stick the black bear butt do no damage!
The black bear rages!
The polar bear butts!
You skewer the rat butt a kebab!
You annihilate the rat!!!
You hear an butt growl!
The polar bear closely misses you! x2; The polar bear claws you!
A rat comes into view!
The polar bear bites you!!!!!!
DANG rip

#### ..# #.#
#.#########
...####@.h.h....#
#..r...h.......#
#############..#
#..# #.†## #h..#
#.#<# #...# ##..#


You could see 2 polar bears, a black bear (berserk) and a rat.

Vanquished Creatures
  An adder (D:2)
  A leopard gecko (D:2)
  2 goblins
  2 hobgoblins
  A bat (D:3)
  2 kobolds
  A rat (D:3)
10 creatures vanquished.

Notes
Turn   | Place    | Note
-------+----------+-------------------------------------------
     0 | D:1      | Gorglomux the Spriggan Berserker began the quest for the Orb.
     0 | D:1      | Reached XP level 1. HP: 11/11 MP: 2/2
     0 | D:1      | Fell from the grace of Trog
    28 | D:1      | Reached skill level 1 in Stealth
   261 | D:2      | Reached XP level 2. HP: 16/16 MP: 3/3
   282 | D:2      | Reached skill level 3 in Stealth
   408 | D:3      | Noticed a polar bear
   408 | D:3      | Noticed a black bear
   408 | D:3      | Noticed a polar bear
   425 | D:3      | Demolished by a polar bear

Vault maps used:
D:1:      nzn_arrival_crosshair
D:2:      nicolae_overflow_hidden_temple
D:3:      overflow_temple_1_default, uniq_jessica

Skill      XL: |  1  2 |
---------------+-------+-----
Stealth        | 2 3 |  3.8
Fighting       | |  2.4
Short Blades   | |  3.2
Dodging        | |  4.4

Action                   || total
-------------------------++-------
Melee: Short sword       ||    38
Invok: Renounce Religion ||     1
  Use: Potion            ||     2
 Stab: Sleeping          ||     1
Armor: Animal skin       ||     2
Dodge: Dodged            ||    32

Table legend:
 A = Spawn XP
 B = Non-spawn XP
 C = Spawn XP percentage of total XP
 D = Spawn monster count
 E = Non-spawn monster count
 F = Spawn count percentage of total count
 G = Total turns spent on level
                    A         B        C        D         E        F      G
               +---------+---------+-------+---------+---------+-------+---------
         Total |       0 |      28 |   0.0 |       0 |      10 |   0.0 |   425
               +---------+---------+-------+---------+---------+-------+---------
           D:1 |       0 |       5 |   0.0 |       0 |       3 |   0.0 |    44
           D:2 |       0 |      21 |   0.0 |       0 |       5 |   0.0 |   255
           D:3 |       0 |       2 |   0.0 |       0 |       2 |   0.0 |   126
               +---------+---------+-------+---------+---------+-------+---------
